Map: 카이로스 정션 - 래더

Players

TYTY (TY) - Winner!

  • Race: Terran Terran
  • League: Diamond
  • Spawn Location: 5:00

ShoWTimE

  • Race: Protoss Protoss
  • League: Grandmaster
  • Spawn Location: 11:00

Event: HomeStory Cup XIX

VOD

Have the link to the VOD?

Description

Time

  • Played on: June 28, 2019, 7:42 a.m.
  • Length: 9:37

All games in this series

Show
View Real Time Build Order
Export as new Build Order

TYTY Terran - Winner!

Build Orders: Gas First Reaper Expand 

Get SALT Encoding   

  12  0:00  SCV  
  13  0:12  SCV  
  14  0:17  Supply Depot  
  14  0:25  SCV  
  15  0:28  Refinery  
  15  0:38  SCV  
  16  0:44  Barracks  
  16  0:50  SCV  
  17  1:03  SCV  
  18  1:15  SCV  
  19  1:32  Reaper  
  21  1:33  Orbital Command  
  20  1:45  Command Center  
  20  1:58  Factory  
  20  1:59  SCV  
  21  2:07  Barracks Reactor  
  21  2:10  Supply Depot  
  21  2:13  SCV  
  22  2:18  Refinery  
  22  2:25  SCV  
  23  2:37  SCV  
  24  2:47  Starport  
  24  2:49  Hellion x2, SCV  
  29  2:52  Barracks Tech Lab  
  29  2:59  Orbital Command  
  29  3:02  SCV  
  32  3:13  Widow Mine x2  
  32  3:19  SCV  
  35  3:20  Orbital Command  
  35  3:24  Medivac  
  38  3:31  SCV  
  38  3:34  Marine, Widow Mine x2  
  41  3:38  Supply Depot  
  43  3:43  SCV  
  43  3:45  SCV  
  45  3:52  Supply Depot  
  45  3:56  Bunker  
  45  3:57  Starport Tech Lab  
  45  3:59  SCV  
  46  4:04  SCV  
  46  4:07  Marine  
  46  4:08  Marine  
  49  4:10  Siege Tank  
  52  4:17  Banshee  
  52  4:20  SCV  
  52  4:21  SCV  
  57  4:25  Marine x2  
  57  4:32  SCV  
  57  4:33  SCV  
  59  4:42  Siege Tank  
  59  4:45  Supply Depot, SCV  
  61  4:48  SCV  
  60  4:57  Command Center, SCV  
  61  5:00  Marine  
  61  5:03  Marine  
  63  5:07  SCV  
  63  5:09  Refinery  
  63  5:10  Raven  
  63  5:12  Refinery, SCV  
  66  5:18  Marine  
  66  5:19  SCV  
  69  5:26  Supply Depot  
  69  5:27  SCV  
  69  5:29  Barracks x2  
  69  5:37  SCV  
  70  5:47  Siege Tank, SCV  
  70  5:49  SCV  
  77  5:59  SCV  
  77  6:01  Barracks  
  77  6:02  Barracks, SCV  
  77  6:05  Supply Depot x2  
  77  6:07  Starport Reactor  
  77  6:09  Orbital Command  
  77  6:11  Marine x2  
  77  6:12  SCV  
  77  6:14  SCV  
  81  6:19  Siege Tank  
  81  6:20  Barracks Tech Lab  
  81  6:24  Engineering Bay  
  81  6:25  SCV  
  85  6:26  SCV  
  85  6:28  Marauder, Stimpack  
  88  6:34  Marine x2  
  88  6:37  SCV  
  88  6:39  SCV  
  92  6:41  Orbital Command  
  92  6:43  Marauder  
  92  6:45  Supply Depot, Medivac  
  98  6:49  SCV  
  98  6:51  SCV  
  98  6:52  Siege Tank  
  103  6:54  Supply Depot  
  103  6:56  Barracks Tech Lab, Barracks Reactor  
  103  6:58  Marine x2  
  103  7:03  Terran Infantry Weapons Level 1  
  103  7:04  SCV  
  103  7:05  SCV  
  107  7:09  SCV  
  107  7:13  Combat Shield  
  108  7:16  Refinery, Marine x2  
  108  7:21  Marauder x2  
  113  7:23  Supply Depot  
  113  7:24  Supply Depot  
  113  7:25  Marauder  
  113  7:26  Siege Tank  
  117  7:31  SCV x2  
  117  7:33  Medivac, Missile Turret  
  117  7:35  Marine x2, Missile Turret  
  117  7:36  Marine  
  124  7:37  Marine  
  124  7:38  Liberator  
  125  7:46  Liberator  
  125  7:52  Marine x2, Marauder x2  
  125  7:53  Marine  
  125  7:54  Supply Depot x2  
  135  8:04  Marine x2  
  140  8:08  SCV  
  140  8:12  Supply Depot  
  141  8:13  Supply Depot  
  141  8:15  Marauder x2, SCV x2  
  141  8:16  Siege Tank  
  141  8:18  Marine x2  
  152  8:22  Marine  
  152  8:23  Marauder  
  72  8:27  Liberator  
  154  8:29  Concussive Shells  
  154  8:31  Marine  
  154  8:36  Marine  
  154  8:37  Liberator, Marauder  
  150  8:42  Marine x2  
  150  8:43  Marauder  
  150  8:44  Marauder  
  150  8:46  SCV  
  162  8:48  Refinery, Marine  
  162  8:50  Supply Depot  
  162  8:53  Marine  
  165  8:56  Supply Depot  
  165  8:57  Siege Tank  
  165  8:58  Marine  
  157  9:11  Marine x2  
  157  9:12  Marauder x2  
  157  9:16  Marine x2  
Show
View Real Time Build Order
Export as new Build Order

ShoWTimE Protoss 

Build Orders: 1 Gate Expand, Colossus Rush 

Get SALT Encoding   

  12  0:00  Probe  
  13  0:12  Probe  
  14  0:17  Pylon  
  14  0:23  Probe  
  15  0:32  Probe  
  15  0:37  Gateway  
  15  0:40  Probe  
  16  0:46  Assimilator  
  17  0:51  Probe  
  18  1:03  Probe  
  19  1:15  Probe  
  20  1:23  Cybernetics Core  
  20  1:33  Nexus  
  20  1:35  Probe  
  21  1:42  Pylon  
  21  1:47  Probe  
  21  1:51  Adept, Assimilator  
  22  1:59  Probe  
  25  2:10  Warp Gate  
  25  2:11  Probe, Stalker  
  27  2:23  Probe  
  28  2:35  Probe  
  28  2:36  Robotics Facility  
  29  2:41  Stalker  
  29  2:42  Probe  
  31  2:47  Probe  
  31  2:50  Probe  
  34  2:59  Probe  
  34  3:00  Probe  
  36  3:11  Gateway  
  36  3:12  Probe x2  
  38  3:20  Gateway  
  38  3:23  Probe  
  38  3:24  Probe  
  40  3:31  Probe, Observer  
  40  3:33  Pylon  
  39  3:36  Probe  
  39  3:39  Probe  
  41  3:42  Shield Battery  
  41  3:45  Assimilator  
  41  3:47  Assimilator  
  41  3:48  Probe  
  43  3:51  Probe  
  43  3:52  Pylon, Observer  
  45  3:58  Stalker  
  45  4:00  Probe  
  48  4:03  Probe  
  48  4:09  Stalker  
  51  4:12  Probe  
  51  4:13  Observer  
  51  4:14  Stalker  
  51  4:16  Probe  
  56  4:21  Stalker  
  58  4:27  Probe  
  58  4:29  Probe  
  57  4:41  Stalker  
  61  4:49  Robotics Bay  
  61  4:52  Probe  
  60  4:57  Pylon  
  60  5:05  Pylon  
  60  5:07  Forge  
  60  5:25  Colossus  
  60  5:29  Nexus, Probe x2  
  60  5:30  Pylon  
  62  5:41  Probe  
  66  5:44  Probe  
  66  5:50  Protoss Ground Weapons Level 1  
  66  5:53  Probe  
  66  5:56  Probe  
  68  6:00  Gateway  
  67  6:05  Probe  
  67  6:08  Sentry, Colossus  
  67  6:09  Probe  
  71  6:15  Shield Battery  
  71  6:16  Shield Battery  
  71  6:17  Probe  
  72  6:22  Probe  
  79  6:29  Probe  
  79  6:30  Twilight Council  
  80  6:33  Observer  
  80  6:34  Probe, Sentry  
  80  6:38  Pylon  
  83  6:40  Probe  
  83  6:41  Probe  
  83  6:42  Extended Thermal Lance  
  83  6:44  Probe  
  86  6:48  Probe  
  86  6:49  Probe  
  86  6:52  Probe  
  88  6:55  Colossus  
  88  6:57  Charge, Probe  
  88  6:58  Probe  
  88  7:00  Pylon, Probe  
  90  7:08  Probe  
  98  7:10  Probe, Sentry  
  98  7:13  Assimilator  
  98  7:15  Probe, Assimilator  
  103  7:23  Gateway  
  103  7:25  Gateway, Zealot  
  105  7:30  Gateway  
  105  7:33  Zealot x2  
  109  7:43  Immortal, Zealot  
  111  7:44  Gateway, Templar Archives  
  111  7:47  Probe x2  
  111  7:50  Shield Battery  
  117  7:59  Forge  
  117  8:02  Pylon  
  117  8:11  Photon Cannon  
  117  8:14  Pylon  
  117  8:16  Pylon  
  117  8:21  Immortal  
  117  8:22  Zealot x4  
  125  8:27  Pylon  
  127  8:43  High Templar  
  127  8:45  Zealot x5  
  139  8:50  Pylon  
  139  8:53  Immortal  
  139  9:00  Zealot  
  139  9:12  Stalker x3  
  139  9:16  Zealot x2  
  129  9:19  Zealot  
  131  9:27  Zealot  
  107  9:33  Zealot  
Tags
 
Add a new tag
Caveats
  • Supply blocks, unpowered buildings, or Contaminate may cause inaccurate times.
  • Supply counts are checked every 10 seconds.